[Event "4th Sabbiadoro-Master 2018"]
[Site "Lignano Sabbiadoro"]
[Date "2018.08.03"]
[Round "7.5"]
[White "Migliorini, Matteo"]
[Black "Medici, Simone"]
[Result "1-0"]
[ECO "C87"]
[WhiteElo "2130"]
[BlackElo "2286"]
[Annotator "NA"]
[PlyCount "117"]
[EventDate "2018.07.29"]
[EventType "swiss"]
[EventCountry "ITA"]
[SourceTitle "playchess.com"]
[Source "ChessBase"]
[SourceQuality "1"]
[TimeControl "5400+30"]

1. e4 Nc6 2. Nf3 e5 3. Bb5 a6 4. Ba4 Nf6 5. d3 d6 6. c3 Be7 7. O-O O-O 8. Re1 Bg4 9. h3 Bh5 10. Nbd2 h6 11. g4 Bg6 12. Nf1 Nh7 13. Ne3 Bg5 14. Kg2 b5 15. Bc2 Qd7 16. Nf5 Bxf5 17. gxf5 Bf4 18. Bxf4 exf4 19. d4 Rad8 20. Nh2 Qe7 21. Rg1 Qh4 22. Nf3 Qh5 23. Ne1 Qxd1 24. Rxd1 g5 25. Nd3 Rfe8 26. Kf3 Kf8 27. Rge1 Nf6 28. e5 Nd7 29. exd6 cxd6 30. h4 Ne7 31. hxg5 hxg5 32. Kg4 f6 33. Re6 Ng8 34. Nb4 Nb8 35. Rde1 a5 36. Nd5 Nd7 37. Nc7 Rxe6 38. Nxe6+ Ke8 39. Nxd8+ Kxd8 40. Kh5 Nf8 41. Bd3 Ne7 42. Bxb5 Nd7 43. Bxd7 Kxd7 44. Kg4 Ng8 45. Re6 Nh6+ 46. Kh5 Nxf5 47. Rxf6 Nh4 48. Kxg5 Nf3+ 49. Kxf4 Nd2 50. Rf5 a4 51. Ra5 Nc4 52. Rxa4 Nxb2 53. Ra6 Nd3+ 54. Ke4 Nxf2+ 55. Kf5 Nd3 56. Ra7+ Kc6 57. Ke6 Nb4 58. Ra4 Nc2 59. Ra6+ 1-0

[Event "4th Sabbiadoro-Master 2018"]
[Site "Lignano Sabbiadoro"]
[Date "2018.08.03"]
[Round "7.6"]
[White "Tiraboschi, Nicolo`"]
[Black "Micottis, Dorian"]
[Result "0-1"]
[ECO "A08"]
[WhiteElo "2102"]
[BlackElo "2279"]
[Annotator "NA"]
[PlyCount "78"]
[EventDate "2018.07.29"]
[EventType "swiss"]
[EventCountry "ITA"]
[SourceTitle "playchess.com"]
[Source "ChessBase"]
[SourceQuality "1"]
[TimeControl "5400+30"]

1. e4 c5 2. Nf3 e6 3. d3 Nc6 4. g3 Nf6 5. Bg2 d5 6. Nbd2 g6 7. O-O Bg7 8. Re1 O-O 9. c3 b6 10. Nf1 Ba6 11. e5 Nd7 12. Bf4 f6 13. exf6 Qxf6 14. d4 Rae8 15. Rc1 cxd4 16. cxd4 Nxd4 17. Nxd4 Qxd4 18. Rc7 Nc5 19. Rxa7 Qxd1 20. Rxd1 Bxb2 21. Rb1 Bxf1 22. Rxb2 Bxg2 23. Kxg2 e5 24. Bh6 Rf7 25. Rxf7 Kxf7 26. Rxb6 d4 27. Rc6 Ne6 28. Kf3 Ra8 29. Rc2 Ke7 30. Bd2 Kd6 31. Bb4+ Kd5 32. Ke2 e4 33. Rd2 d3+ 34. Kd1 Kc4 35. Bd6 Ra6 36. Be5 Ra5 37. Bf6 Rf5 38. Bh4 g5 39. g4 Rb5 0-1

[Event "4th Sabbiadoro-Master 2018"]
[Site "Lignano Sabbiadoro"]
[Date "2018.08.03"]
[Round "7.7"]
[White "Favilli, Edoardo"]
[Black "Ventura, Salvatore"]
[Result "1-0"]
[ECO "B30"]
[WhiteElo "2116"]
[BlackElo "2185"]
[Annotator "NA"]
[PlyCount "79"]
[EventDate "2018.07.29"]
[EventType "swiss"]
[EventCountry "ITA"]
[SourceTitle "playchess.com"]
[Source "ChessBase"]
[SourceQuality "1"]
[TimeControl "5400+30"]

1. e4 c5 2. Nf3 Nc6 3. Bb5 Qc7 4. O-O a6 5. Bxc6 dxc6 6. h3 e5 7. d3 Ne7 8. Be3 Ng6 9. Nbd2 f6 10. a4 a5 11. Nc4 Be6 12. Nfd2 b6 13. c3 Be7 14. b4 axb4 15. cxb4 b5 16. axb5 Rxa1 17. Qxa1 cxb5 18. Qa6 Kf7 19. Qxb5 cxb4 20. Ra1 Rb8 21. Qa4 Nf4 22. Bxf4 exf4 23. Qc2 Rc8 24. Rc1 Qc5 25. Nb3 Qg5 26. Kf1 f3 27. gxf3 Bxh3+ 28. Ke2 Be6 29. Nd4 Bxc4 30. dxc4 Bc5 31. Nb3 f5 32. Rd1 fxe4 33. Rd5 exf3+ 34. Kxf3 Qg6 35. Qxg6+ Kxg6 36. Rxc5 Rf8+ 37. Kg3 h5 38. f3 h4+ 39. Kg4 h3 40. Rg5+ 1-0

[Event "4th Sabbiadoro-Master 2018"]
[Site "Lignano Sabbiadoro"]
[Date "2018.08.03"]
[Round "7.8"]
[White "Siclari, Giovanni"]
[Black "Peric, Slavisa"]
[Result "1/2-1/2"]
[ECO "D27"]
[WhiteElo "2185"]
[BlackElo "2120"]
[Annotator "NA"]
[PlyCount "35"]
[EventDate "2018.07.29"]
[EventType "swiss"]
[EventCountry "ITA"]
[SourceTitle "playchess.com"]
[Source "ChessBase"]
[SourceQuality "1"]
[TimeControl "5400+30"]

1. Nf3 d5 2. d4 e6 3. c4 dxc4 4. e3 Nf6 5. Bxc4 a6 6. a4 c5 7. O-O Nc6 8. Qe2 Qc7 9. Nc3 Be7 10. h3 O-O 11. dxc5 Bxc5 12. e4 Ne5 13. Nxe5 Qxe5 14. Kh1 Nh5 15. Qg4 Nf6 16. Qe2 Nh5 17. Qg4 Nf6 18. Qe2 1/2-1/2

[Event "4th Sabbiadoro-Master 2018"]
[Site "Lignano Sabbiadoro"]
[Date "2018.08.03"]
[Round "7.9"]
[White "Sponchiado, Dario"]
[Black "Sgnaolin, Davide"]
[Result "0-1"]
[ECO "A36"]
[WhiteElo "2059"]
[BlackElo "2267"]
[Annotator "NA"]
[PlyCount "54"]
[EventDate "2018.07.29"]
[EventType "swiss"]
[EventCountry "ITA"]
[SourceTitle "playchess.com"]
[Source "ChessBase"]
[SourceQuality "1"]
[TimeControl "5400+30"]

1. c4 c5 2. Nc3 Nc6 3. g3 g6 4. Bg2 Bg7 5. e3 e5 6. Nge2 Nge7 7. O-O d6 8. a3 O-O 9. Rb1 a5 10. h3 Rb8 11. Nd5 b5 12. d3 bxc4 13. dxc4 Ba6 14. Qa4 Nxd5 15. Bxd5 Ne7 16. Bg2 d5 17. Bd2 Bxc4 18. Rfe1 Qd6 19. b4 cxb4 20. axb4 Bd3 21. Rb2 e4 22. Nd4 Nf5 23. b5 Nxd4 24. exd4 Qb6 25. Bxa5 Qxd4 26. Rb4 Qc5 27. b6 Ra8 0-1

[Event "4th Sabbiadoro-Master 2018"]
[Site "Lignano Sabbiadoro"]
[Date "2018.08.03"]
[Round "7.10"]
[White "Grochowalski, Pawel"]
[Black "Mufic, Goran"]
[Result "1/2-1/2"]
[ECO "D06"]
[WhiteElo "2049"]
[BlackElo "2299"]
[Annotator "NA"]
[PlyCount "27"]
[EventDate "2018.07.29"]
[EventType "swiss"]
[EventCountry "ITA"]
[SourceTitle "playchess.com"]
[Source "ChessBase"]
[SourceQuality "1"]
[TimeControl "5400+30"]

1. d4 d5 2. c4 Bf5 3. cxd5 Bxb1 4. Qa4+ c6 5. dxc6 Nxc6 6. Rxb1 Qxd4 7. Qxd4 Nxd4 8. e3 Nc6 9. Bb5 e6 10. Bxc6+ bxc6 11. Bd2 Nf6 12. Nf3 Bd6 13. Ke2 c5 14. Bc3 1/2-1/2

[Event "4th Sabbiadoro-Master 2018"]
[Site "Lignano Sabbiadoro"]
[Date "2018.08.04"]
[Round "8.1"]
[White "Kalegin, Evgenij"]
[Black "Brankovic, Dejan"]
[Result "1-0"]
[ECO "B51"]
[WhiteElo "2431"]
[BlackElo "2330"]
[Annotator "NA"]
[PlyCount "87"]
[EventDate "2018.07.29"]
[EventType "swiss"]
[EventCountry "ITA"]
[SourceTitle "playchess.com"]
[Source "ChessBase"]
[SourceQuality "1"]
[TimeControl "5400+30"]

1. e4 c5 2. Nf3 d6 3. Bb5+ Nd7 4. c3 Ngf6 5. Qe2 a6 6. Ba4 b5 7. Bc2 Bb7 8. O-O e5 9. d4 Be7 10. dxe5 dxe5 11. Rd1 Qc7 12. c4 bxc4 13. Nbd2 c3 14. Nc4 O-O 15. bxc3 Rfe8 16. Bg5 Bf8 17. Rd2 h6 18. Bh4 g5 19. Bg3 Nh5 20. Qd1 Red8 21. Nfxe5 Nxg3 22. Nxd7 Bg7 23. hxg3 Bxc3 24. Ba4 Bc6 25. Bxc6 Qxc6 26. Rd6 Qxe4 27. Rc1 Bd4 28. Qf3 Qxf3 29. gxf3 Kg7 30. Kf1 Ra7 31. Nxc5 Rxd6 32. Nxd6 Kg6 33. Nb3 Be5 34. Rc6 f6 35. Nc4 Bc3 36. Nca5 Bb4 37. g4 Re7 38. Rxa6 Re1+ 39. Kg2 Re2 40. Nc6 Bc3 41. Ncd4 Rb2 42. Nf5 Bb4 43. Ra7 Bf8 44. Nbd4 1-0

[Event "4th Sabbiadoro-Master 2018"]
[Site "Lignano Sabbiadoro"]
[Date "2018.08.04"]
[Round "8.2"]
[White "Bentivegna, Francesco"]
[Black "Migliorini, Matteo"]
[Result "1-0"]
[ECO "B23"]
[WhiteElo "2248"]
[BlackElo "2130"]
[Annotator "NA"]
[PlyCount "89"]
[EventDate "2018.07.29"]
[EventType "swiss"]
[EventCountry "ITA"]
[SourceTitle "playchess.com"]
[Source "ChessBase"]
[SourceQuality "1"]
[TimeControl "5400+30"]

1. e4 c5 2. Nc3 Nc6 3. Bb5 g6 4. Bxc6 bxc6 5. d3 Bg7 6. f4 d6 7. Nf3 Rb8 8. O-O e6 9. Qe1 Ne7 10. b3 O-O 11. Bd2 f6 12. Kh1 Kh8 13. e5 fxe5 14. fxe5 d5 15. Na4 c4 16. dxc4 dxc4 17. Bb4 cxb3 18. axb3 Rf5 19. Rd1 Qe8 20. Bd6 Ba6 21. Rf2 Rd8 22. Nc5 Bc8 23. Rfd2 Qf7 24. Nd4 Rf4 25. g3 Rxd4 26. Rxd4 Nf5 27. R4d3 Nxd6 28. exd6 Qf5 29. d7 Qxc5 30. dxc8=Q Rxc8 31. Rd8+ Rxd8 32. Rxd8+ Bf8 33. Qxe6 Qf2 34. Qe5+ Kg8 35. Qf4 Qe1+ 36. Kg2 Qe2+ 37. Qf2 Qe4+ 38. Kg1 Qe7 39. Ra8 Qb4 40. h4 a5 41. Kh2 Qa3 42. c3 Qe7 43. Rxa5 Qb7 44. b4 Bd6 45. Ra7 1-0

[Event "4th Sabbiadoro-Master 2018"]
[Site "Lignano Sabbiadoro"]
[Date "2018.08.04"]
[Round "8.3"]
[White "Damia, Angelo"]
[Black "Zuttioni, Federico"]
[Result "1-0"]
[ECO "A22"]
[WhiteElo "2313"]
[BlackElo "2141"]
[Annotator "NA"]
[PlyCount "73"]
[EventDate "2018.07.29"]
[EventType "swiss"]
[EventCountry "ITA"]
[SourceTitle "playchess.com"]
[Source "ChessBase"]
[SourceQuality "1"]
[TimeControl "5400+30"]

1. c4 Nf6 2. Nc3 e5 3. f4 exf4 4. d4 Bb4 5. Bxf4 O-O 6. Nf3 Re8 7. e3 c5 8. Bd3 d5 9. O-O Bxc3 10. bxc3 Be6 11. Ng5 Nbd7 12. Qb1 h6 13. Nxe6 fxe6 14. Bg6 b6 15. Bxe8 Qxe8 16. cxd5 exd5 17. Qf5 Qe7 18. Rae1 Re8 19. e4 dxe4 20. d5 c4 21. d6 Qe6 22. Qxe6+ Rxe6 23. Rd1 Nc5 24. Rd4 e3 25. Bg3 e2 26. Re1 b5 27. Rd2 Re3 28. Bf2 Rd3 29. Rexe2 Ncd7 30. Rxd3 cxd3 31. Rd2 a6 32. Rxd3 Kf7 33. Bd4 Ne8 34. Rf3+ Kg8 35. Re3 Nxd6 36. Re7 Nf6 37. Bxf6 1-0

[Event "4th Sabbiadoro-Master 2018"]
[Site "Lignano Sabbiadoro"]
[Date "2018.08.04"]
[Round "8.4"]
[White "Ristic, Nenad"]
[Black "Favilli, Edoardo"]
[Result "1-0"]
[ECO "C06"]
[WhiteElo "2356"]
[BlackElo "2116"]
[Annotator "NA"]
[PlyCount "149"]
[EventDate "2018.07.29"]
[EventType "swiss"]
[EventCountry "ITA"]
[SourceTitle "playchess.com"]
[Source "ChessBase"]
[SourceQuality "1"]
[TimeControl "5400+30"]

1. e4 e6 2. d4 d5 3. Nd2 Nf6 4. e5 Nfd7 5. Bd3 c5 6. c3 Nc6 7. Ne2 cxd4 8. cxd4 f6 9. exf6 Nxf6 10. O-O Bd6 11. Nf3 O-O 12. Bf4 Bxf4 13. Nxf4 Ne4 14. Qc1 Ng5 15. Nxg5 Qxg5 16. Ne2 Qf6 17. Qe3 Bd7 18. Bb5 Rac8 19. Bxc6 Bxc6 20. Rfe1 Be8 21. Rac1 Bg6 22. h3 h6 23. Rc3 Rxc3 24. Nxc3 Bf7 25. Nb5 Qe7 26. Qb3 a6 27. Nc3 Qf6 28. Qd1 Rc8 29. Qd2 Rc4 30. Ne2 Bg6 31. Rc1 Rxc1+ 32. Qxc1 e5 33. Qc3 exd4 34. Qxd4 Qxd4 35. Nxd4 Kf7 36. f4 Bb1 37. a3 Ke7 38. Kf2 Kd6 39. b4 Be4 40. g4 b6 41. Ke3 Bb1 42. Ne2 Be4 43. h4 Kc6 44. g5 hxg5 45. fxg5 g6 46. Nc3 Bf5 47. Kd4 Be6 48. Ke5 Bf7 49. Kf6 d4 50. Ne2 d3 51. Nc3 Be8 52. Ke5 Bd7 53. Kf4 Kd6 54. Ke4 Bf5+ 55. Kd4 d2 56. Ke3 Ke5 57. Kxd2 Kd4 58. Na4 b5 59. Nc5 Bc8 60. h5 gxh5 61. g6 Bf5 62. g7 Bh7 63. Nxa6 Bg8 64. Nc7 Ke5 65. Ke3 Kf6 66. Nxb5 Kxg7 67. a4 Kf6 68. a5 Ke7 69. Kd4 Kd7 70. Kc5 Kc8 71. Nd6+ Kb8 72. Kb6 h4 73. a6 Bc4 74. a7+ Ka8 75. Ne8 1-0

[Event "4th Sabbiadoro-Master 2018"]
[Site "Lignano Sabbiadoro"]
[Date "2018.08.04"]
[Round "8.5"]
[White "Micottis, Dorian"]
[Black "Nester, Ihor"]
[Result "1/2-1/2"]
[ECO "C77"]
[WhiteElo "2295"]
[BlackElo "2305"]
[Annotator "NA"]
[PlyCount "69"]
[EventDate "2018.07.29"]
[EventType "swiss"]
[EventCountry "ITA"]
[SourceTitle "playchess.com"]
[Source "ChessBase"]
[SourceQuality "1"]
[TimeControl "5400+30"]

1. e4 e5 2. Nf3 Nc6 3. Bb5 a6 4. Ba4 Nf6 5. O-O Be7 6. d3 b5 7. Bb3 d6 8. a3 O-O 9. Nc3 Na5 10. Ba2 c5 11. b4 cxb4 12. axb4 Nc6 13. Nd5 Nxd5 14. Bxd5 Qc7 15. c3 Bb7 16. Qb3 Bf6 17. Bg5 Bxg5 18. Nxg5 h6 19. Nh3 Ne7 20. Bxb7 Qxb7 21. f4 exf4 22. Nxf4 a5 23. bxa5 Rxa5 24. Rxa5 Qb6+ 25. d4 Qxa5 26. Ne6 Rc8 27. Nxg7 d5 28. Nf5 Nxf5 29. Rxf5 Rxc3 30. Qxd5 Rc1+ 31. Rf1 Rxf1+ 32. Kxf1 Qa1+ 33. Kf2 Qb2+ 34. Kf3 b4 35. Qc5 1/2-1/2

[Event "4th Sabbiadoro-Master 2018"]
[Site "Lignano Sabbiadoro"]
[Date "2018.08.04"]
[Round "8.6"]
[White "Sgnaolin, Davide"]
[Black "Barberi, Alessandro"]
[Result "1-0"]
[ECO "B22"]
[WhiteElo "2267"]
[BlackElo "2044"]
[Annotator "NA"]
[PlyCount "41"]
[EventDate "2018.07.29"]
[EventType "swiss"]
[EventCountry "ITA"]
[SourceTitle "playchess.com"]
[Source "ChessBase"]
[SourceQuality "1"]
[TimeControl "5400+30"]

1. e4 c5 2. c3 d5 3. exd5 Qxd5 4. d4 cxd4 5. cxd4 Nc6 6. Nf3 Bg4 7. Be2 e6 8. Nc3 Bb4 9. O-O Bxc3 10. bxc3 Nge7 11. h3 Bh5 12. Rb1 O-O 13. Rb5 Bxf3 14. Rxd5 Bxe2 15. Qxe2 Nxd5 16. Bd2 Rfd8 17. Qg4 Na5 18. Bh6 g6 19. Re1 Rd6 20. Qe2 Rc8 21. Qe5 1-0

[Event "4th Sabbiadoro-Master 2018"]
[Site "Lignano Sabbiadoro"]
[Date "2018.08.04"]
[Round "8.7"]
[White "Simonetto, Andrea"]
[Black "Olivetti, Davide"]
[Result "1/2-1/2"]
[ECO "C25"]
[WhiteElo "2173"]
[BlackElo "2234"]
[Annotator "NA"]
[PlyCount "40"]
[EventDate "2018.07.29"]
[EventType "swiss"]
[EventCountry "ITA"]
[SourceTitle "playchess.com"]
[Source "ChessBase"]
[SourceQuality "1"]
[TimeControl "5400+30"]

1. e4 e5 2. Nc3 Bc5 3. Na4 Bxf2+ 4. Kxf2 Qh4+ 5. Ke3 Qf4+ 6. Kd3 d5 7. Kc3 Qxe4 8. Kb3 Na6 9. a3 Qxa4+ 10. Kxa4 Nc5+ 11. Kb4 a5+ 12. Kxc5 Ne7 13. Bb5+ Kd8 14. Bc6 b6+ 15. Kb5 Nxc6 16. Kxc6 Bb7+ 17. Kb5 Ba6+ 18. Kc6 Bb7+ 19. Kb5 Ba6+ 20. Kc6 Bb7+ 1/2-1/2

[Event "4th Sabbiadoro-Master 2018"]
[Site "Lignano Sabbiadoro"]
[Date "2018.08.04"]
[Round "8.8"]
[White "Grigorian, Roudolph"]
[Black "Siclari, Giovanni"]
[Result "0-1"]
[ECO "B43"]
[WhiteElo "2154"]
[BlackElo "2185"]
[Annotator "NA"]
[PlyCount "162"]
[EventDate "2018.07.29"]
[EventType "swiss"]
[EventCountry "ITA"]
[SourceTitle "playchess.com"]
[Source "ChessBase"]
[SourceQuality "1"]
[TimeControl "5400+30"]

1. e4 c5 2. Nf3 e6 3. d4 cxd4 4. Nxd4 a6 5. Nc3 Qc7 6. Be2 Nf6 7. Be3 Bb4 8. O-O Bxc3 9. bxc3 Nxe4 10. c4 d6 11. Bd3 Nf6 12. f4 Nbd7 13. g4 h5 14. g5 Ng4 15. Qf3 Nxe3 16. Qxe3 Nc5 17. Rad1 Bd7 18. g6 O-O-O 19. gxf7 Rdf8 20. f5 e5 21. Ne2 Rxf7 22. Nc3 Bc6 23. Be4 Bxe4 24. Nxe4 Nxe4 25. Qxe4 Qc5+ 26. Kg2 Rc7 27. Rf2 Rh6 28. Rfd2 Qxc4 29. Qxe5 Qc6+ 30. Kg1 Qc5+ 31. Qxc5 Rxc5 32. Rxd6 Rxd6 33. Rxd6 Rxf5 34. Rd2 Kc7 35. Kg2 g5 36. Re2 Kd6 37. Kg3 Rc5 38. Kf3 Rf5+ 39. Kg3 Ra5 40. c4 Ra3+ 41. Kg2 Rc3 42. Re4 Rc2+ 43. Kg3 Rc3+ 44. Kg2 g4 45. Rd4+ Kc6 46. Rf4 Rh3 47. a4 Kc5 48. Rf7 b6 49. Rc7+ Kb4 50. Rb7 Ka5 51. Rb8 Rc3 52. Rc8 Kxa4 53. Rc6 Ka5 54. Rh6 Rh3 55. Rg6 Rc3 56. Rg5+ Kb4 57. Rxh5 Rxc4 58. Rh6 Ka5 59. Kf2 b5 60. Ke2 Rc3 61. Rg6 Rc2+ 62. Kd3 Rxh2 63. Rxg4 Rh3+ 64. Kc2 b4 65. Rg6 Kb5 66. Kb2 a5 67. Rf6 Ka4 68. Rf2 Rh4 69. Rg2 b3 70. Rf2 Kb4 71. Rg2 a4 72. Rg1 a3+ 73. Kb1 Rh3 74. Rf1 Re3 75. Rg1 Kc3 76. Rd1 Re2 77. Ka1 Kc2 78. Rb1 b2+ 79. Ka2 Rd2 80. Rh1 Rd1 81. Rh2+ Kc1 0-1

[Event "4th Sabbiadoro-Master 2018"]
[Site "Lignano Sabbiadoro"]
[Date "2018.08.04"]
[Round "8.9"]
[White "Peric, Slavisa"]
[Black "Tiraboschi, Nicolo`"]
[Result "1-0"]
[ECO "D27"]
[WhiteElo "2120"]
[BlackElo "2102"]
[Annotator "NA"]
[PlyCount "75"]
[EventDate "2018.07.29"]
[EventType "swiss"]
[EventCountry "ITA"]
[SourceTitle "playchess.com"]
[Source "ChessBase"]
[SourceQuality "1"]
[TimeControl "5400+30"]

1. d4 d5 2. Nf3 Nf6 3. c4 e6 4. Nc3 dxc4 5. e3 a6 6. a4 c5 7. Bxc4 Nc6 8. O-O cxd4 9. exd4 Be7 10. Be3 O-O 11. h3 Nb4 12. Ne5 b6 13. Qe2 Bb7 14. Rfd1 Nfd5 15. Nxd5 Bxd5 16. b3 Ra7 17. Rac1 b5 18. Bxd5 Qxd5 19. Bd2 Rb7 20. axb5 axb5 21. Qf3 f6 22. Bxb4 Qxf3 23. Nxf3 Bxb4 24. Rc6 Kf7 25. Ra1 Re8 26. Raa6 Bf8 27. Kf1 b4 28. Ke2 Ree7 29. Kd3 Rec7 30. Nd2 Rxc6 31. Rxc6 Ra7 32. Ne4 Ra2 33. Rc7+ Kg6 34. Nc5 Bd6 35. Rd7 Bf4 36. Nxe6 Bh6 37. Nf8+ Kf5 38. Rd5+ 1-0

[Event "4th Sabbiadoro-Master 2018"]
[Site "Lignano Sabbiadoro"]
[Date "2018.08.04"]
[Round "8.10"]
[White "Mufic, Goran"]
[Black "Sponchiado, Dario"]
[Result "1/2-1/2"]
[ECO "C11"]
[WhiteElo "2299"]
[BlackElo "2059"]
[Annotator "NA"]
[PlyCount "46"]
[EventDate "2018.07.29"]
[EventType "swiss"]
[EventCountry "ITA"]
[SourceTitle "playchess.com"]
[Source "ChessBase"]
[SourceQuality "1"]
[TimeControl "5400+30"]

1. e4 e6 2. Nc3 d5 3. Nf3 Nf6 4. e5 Nfd7 5. d4 a6 6. Bd3 c5 7. dxc5 Nxc5 8. O-O Nc6 9. Re1 Be7 10. a3 O-O 11. Bf4 f5 12. exf6 Bxf6 13. Qd2 b5 14. Ne5 Nxe5 15. Bxe5 Bb7 16. Bg3 Qb6 17. Rad1 Rad8 18. Kh1 b4 19. axb4 Ne4 20. Bxe4 dxe4 21. Qe2 Qxb4 22. h4 Bxc3 23. bxc3 Qxc3 1/2-1/2

[Event "4th Sabbiadoro-Master 2018"]
[Site "Lignano Sabbiadoro"]
[Date "2018.08.05"]
[Round "9.2"]
[White "Nester, Ihor"]
[Black "Ristic, Nenad"]
[Result "0-1"]
[ECO "D97"]
[WhiteElo "2305"]
[BlackElo "2356"]
[Annotator "NA"]
[PlyCount "64"]
[EventDate "2018.07.29"]
[EventType "swiss"]
[EventCountry "ITA"]
[SourceTitle "playchess.com"]
[Source "ChessBase"]
[SourceQuality "1"]
[TimeControl "5400+30"]

1. Nf3 Nf6 2. c4 g6 3. d4 Bg7 4. Nc3 d5 5. Qb3 dxc4 6. Qxc4 O-O 7. e4 Be6 8. d5 Bc8 9. e5 Nfd7 10. Bf4 c6 11. O-O-O Nb6 12. Qb3 cxd5 13. Nxd5 Nxd5 14. Qxd5 Qb6 15. Qd4 Qa5 16. Kb1 Nc6 17. Qc3 Qa4 18. Bc4 Bf5+ 19. Ka1 Rac8 20. Qb3 Qa5 21. Bxf7+ Rxf7 22. Ng5 Rcf8 23. Nxf7 Rxf7 24. Qxb7 Nb4 25. a3 Nc2+ 26. Ka2 Be6+ 27. Kb1 Rxf4 28. Kxc2 Bf5+ 29. Kb3 Be6+ 30. Kc2 Rxf2+ 31. Kb1 Bxe5 32. Qxe7 Rxb2+ 0-1

[Event "4th Sabbiadoro-Master 2018"]
[Site "Lignano Sabbiadoro"]
[Date "2018.08.05"]
[Round "9.3"]
[White "Siclari, Giovanni"]
[Black "Damia, Angelo"]
[Result "0-1"]
[ECO "D38"]
[WhiteElo "2185"]
[BlackElo "2313"]
[Annotator "NA"]
[PlyCount "102"]
[EventDate "2018.07.29"]
[EventType "swiss"]
[EventCountry "ITA"]
[SourceTitle "playchess.com"]
[Source "ChessBase"]
[SourceQuality "1"]
[TimeControl "5400+30"]

1. Nf3 d5 2. d4 Nf6 3. c4 e6 4. Nc3 c6 5. Bg5 Bb4 6. cxd5 exd5 7. Qc2 h6 8. Bh4 g5 9. Bg3 Ne4 10. Nd2 Nxg3 11. hxg3 Qf6 12. e3 Bf5 13. Qb3 Qe7 14. Be2 Kf8 15. a3 Bd6 16. Rc1 Kg7 17. g4 Bc8 18. Qc2 Nd7 19. e4 dxe4 20. Qxe4 Nf6 21. Qxe7 Bxe7 22. f3 Rd8 23. Nb3 Be6 24. Nc5 Rxd4 25. Nxb7 a5 26. Nd1 Bd5 27. Nc5 Bxc5 28. Rxc5 Re8 29. Rc2 Bb3 30. Rd2 c5 31. Rxd4 cxd4 32. Kd2 Nd5 33. g3 Rb8 34. Nf2 Ne3 35. Rc1 Bd5 36. Nd3 Nc4+ 37. Kc2 Re8 38. Kd1 Re3 39. b4 Bxf3 40. Bxf3 Rxd3+ 41. Ke2 Re3+ 42. Kf2 Ne5 43. Be2 axb4 44. axb4 Rb3 45. Rc5 Kf6 46. b5 Rb2 47. Ke1 d3 48. Bd1 Ke6 49. Rc8 Rxb5 50. Rh8 Kd5 51. Rxh6 Kd4 0-1

[Event "4th Sabbiadoro-Master 2018"]
[Site "Lignano Sabbiadoro"]
[Date "2018.08.05"]
[Round "9.4"]
[White "Brankovic, Dejan"]
[Black "Sgnaolin, Davide"]
[Result "1-0"]
[ECO "B31"]
[WhiteElo "2377"]
[BlackElo "2267"]
[Annotator "NA"]
[PlyCount "57"]
[EventDate "2018.07.29"]
[EventType "swiss"]
[EventCountry "ITA"]
[SourceTitle "playchess.com"]
[Source "ChessBase"]
[SourceQuality "1"]
[TimeControl "5400+30"]

1. e4 c5 2. Nf3 Nc6 3. Bb5 g6 4. Bxc6 dxc6 5. O-O Bg7 6. d3 Nf6 7. h3 Nd7 8. Nc3 e5 9. Be3 Qe7 10. Qd2 h6 11. Nh2 Nf8 12. f4 exf4 13. Bxf4 Ne6 14. Bg3 Nd4 15. Rae1 Be6 16. e5 O-O-O 17. Ne4 Nf5 18. Bf2 Bxe5 19. Nxc5 Qc7 20. Nf3 Bf4 21. Qb4 Bd6 22. Qa4 Bxc5 23. Bxc5 b6 24. Be3 Nxe3 25. Rxe3 Rd5 26. Nd4 Rd6 27. Nxe6 Rxe6 28. Rxe6 fxe6 29. Qe4 1-0

[Event "4th Sabbiadoro-Master 2018"]
[Site "Lignano Sabbiadoro"]
[Date "2018.08.05"]
[Round "9.5"]
[White "Zuttioni, Federico"]
[Black "Micottis, Dorian"]
[Result "1-0"]
[ECO "A48"]
[WhiteElo "2141"]
[BlackElo "2279"]
[Annotator "NA"]
[PlyCount "119"]
[EventDate "2018.07.29"]
[EventType "swiss"]
[EventCountry "ITA"]
[SourceTitle "playchess.com"]
[Source "ChessBase"]
[SourceQuality "1"]
[TimeControl "5400+30"]

1. d4 Nf6 2. Nf3 g6 3. Bf4 Bg7 4. Qc1 c5 5. c3 d6 6. g3 Nc6 7. dxc5 dxc5 8. Bg2 O-O 9. O-O Bg4 10. h3 Be6 11. Na3 Qc8 12. Kh2 Rd8 13. Ng5 Bd7 14. Rd1 h6 15. Nf3 g5 16. Be3 b6 17. Nc4 Qc7 18. Bd2 Bf5 19. Be1 Be4 20. a4 Rxd1 21. Qxd1 Rd8 22. Qb3 Bd5 23. Nfd2 Na5 24. Qb5 Bxg2 25. Kxg2 Nb7 26. a5 bxa5 27. Nxa5 Nd6 28. Qa6 Rb8 29. Nac4 Rb7 30. f3 Nd7 31. g4 Nb8 32. Qa5 Qxa5 33. Rxa5 Nd7 34. Bg3 Bf8 35. e4 Nb6 36. Bxd6 Nxc4 37. Nxc4 exd6 38. Kf2 Kg7 39. Ra6 f6 40. Ke3 Rd7 41. Kd3 d5 42. exd5 Rxd5+ 43. Ke4 Rd7 44. Kf5 Be7 45. Ke6 Rb7 46. Ne3 Bd8 47. Nf5+ Kg6 48. Rd6 Bb6 49. Rd7 Rxd7 50. Kxd7 h5 51. Ke6 hxg4 52. hxg4 Bc7 53. c4 a5 54. b3 Be5 55. Ne7+ Kg7 56. Nd5 Kg6 57. Nb6 Bc3 58. Nd7 Bd4 59. Kd5 f5 60. Nxc5 1-0

[Event "4th Sabbiadoro-Master 2018"]
[Site "Lignano Sabbiadoro"]
[Date "2018.08.05"]
[Round "9.6"]
[White "Migliorini, Matteo"]
[Black "Peric, Slavisa"]
[Result "1/2-1/2"]
[ECO "C01"]
[WhiteElo "2130"]
[BlackElo "2120"]
[Annotator "NA"]
[PlyCount "79"]
[EventDate "2018.07.29"]
[EventType "swiss"]
[EventCountry "ITA"]
[SourceTitle "playchess.com"]
[Source "ChessBase"]
[SourceQuality "1"]
[TimeControl "5400+30"]

1. e4 e6 2. d4 d5 3. Bd3 dxe4 4. Bxe4 Nf6 5. Bf3 c5 6. Ne2 Nc6 7. Be3 cxd4 8. Nxd4 Ne5 9. Nc3 a6 10. O-O Nc4 11. Qe2 Nxe3 12. Qxe3 Be7 13. Rad1 Qc7 14. Na4 Bd7 15. Qb3 O-O 16. Rfe1 Bd6 17. Nb6 Rad8 18. g3 Bc5 19. Nxd7 Rxd7 20. Ne2 Rfd8 21. Nf4 Rxd1 22. Rxd1 Rxd1+ 23. Bxd1 b5 24. Qf3 Qa7 25. Nd3 Bb6 26. Qc6 g6 27. Bf3 Kg7 28. Kg2 Nd7 29. Qb7 Nc5 30. Nxc5 Bxc5 31. Qxa7 Bxa7 32. b4 Bb6 33. c3 a5 34. Bc6 axb4 35. cxb4 Bd4 36. Bxb5 Bc3 37. a3 Bb2 38. a4 Bc3 39. a5 Bxb4 40. a6 1/2-1/2

[Event "4th Sabbiadoro-Master 2018"]
[Site "Lignano Sabbiadoro"]
[Date "2018.08.05"]
[Round "9.7"]
[White "Favilli, Edoardo"]
[Black "Medici, Simone"]
[Result "1-0"]
[ECO "C42"]
[WhiteElo "2116"]
[BlackElo "2286"]
[Annotator "NA"]
[PlyCount "125"]
[EventDate "2018.07.29"]
[EventType "swiss"]
[EventCountry "ITA"]
[SourceTitle "playchess.com"]
[Source "ChessBase"]
[SourceQuality "1"]
[TimeControl "5400+30"]

1. e4 e5 2. Nf3 Nf6 3. Nxe5 d6 4. Nf3 Nxe4 5. Nc3 Nf6 6. d4 d5 7. Bg5 Be7 8. Qd2 Ne4 9. Bxe7 Qxe7 10. Nxe4 dxe4 11. Ne5 Nd7 12. Nxd7 Bxd7 13. O-O-O O-O-O 14. Bc4 f5 15. Rhe1 Rhe8 16. Re3 Qd6 17. g3 Kb8 18. Ra3 Bc8 19. Qa5 Qb6 20. Qc3 Re7 21. Qe3 Red7 22. c3 Qc6 23. Bb3 Rd6 24. Ba4 Qb6 25. Bb3 a6 26. Ra4 c6 27. Rc4 Be6 28. Rb4 Qc7 29. Bxe6 Rxe6 30. h4 Red6 31. Rc4 Rd5 32. Rc5 g6 33. Rxd5 Rxd5 34. c4 Rd7 35. b3 Ka8 36. Kb2 Qd8 37. Rd2 Qh8 38. Qc3 Qd8 39. Qe3 Rd6 40. a3 Qa5 41. Qc3 Qc7 42. Kc2 Qf7 43. Qe3 Qf8 44. Kb2 h6 45. d5 Qf6+ 46. Qc3 Qd8 47. Qe5 cxd5 48. Rxd5 Qf6 49. Qxf6 Rxf6 50. Kc3 Kb8 51. Kd4 h5 52. Ke5 Rb6 53. b4 Kc7 54. b5 axb5 55. cxb5 Kc8 56. a4 g5 57. hxg5 Rg6 58. Kxf5 Rg8 59. Kxe4 Rh8 60. g6 h4 61. gxh4 Rxh4+ 62. f4 b6 63. g7 1-0